 Dungeon Crawl Stone Soup version 0.14.0-17-gc0b17a5 (webtiles) character file.

17205 staplegun the Fighter (level 12, -1/80 HPs)
             Began as a Gargoyle Fighter on Apr 19, 2014.
             Slain by a giant leech (17 damage)
             ... on Level 4 of the Swamp.
             The game lasted 00:18:26 (9174 turns).

staplegun the Fighter (Gargoyle Fighter)            Turns: 9174, Time: 00:18:27

HP  -1/80        AC 31     Str 23      XL: 12   Next: 40%
MP  12/12        EV  6     Int 11      God:
Gold 519         SH 25     Dex  9      Spells:  0 memorised, 11 levels left

rFire  . . .     SeeInvis .     j - +4,+5 whip (elec)
rCold  . . .     Clarity  .     k - +3 plate armour
rNeg   + . .     Conserve +     c - +0 shield
rPois  +         rCorr    .     S - +2 hat
rElec  +         rRot     +     r - +0 cloak
SustAb + .       Spirit   .     (no gloves)
rMut   .         Warding  .     s - +0 pair of boots
Saprov . . .     Stasis   .     w - amulet of conservation
MR     +....                    K - cursed ring of sustain abilities
                                o - cursed ring of poison resistance

@: invisible, very slightly contaminated, somewhat resistant to hostile
enchantments, extremely unstealthy
A: magic resistance 1, life protection 1, electricity resistance, unbreathing,
petrification resistance, AC +8
a: no special abilities


You were on level 4 of the Swamp.
You were full.

You visited 3 branches of the dungeon, and saw 17 of its levels.

You collected 519 gold pieces.

Inventory:

Hand weapons
 a - a +0,+0 flail
 j - a +4,+5 whip of electrocution (weapon)
 P - a +0,+2 dire flail of crushing
Armour
 b - a +0 scale mail
 c - a +0 shield (worn)
 k - a +3 plate armour (worn)
 r - a +0 cloak (worn)
 s - a +0 pair of boots (worn)
 S - a +2 hat (worn)
Magical devices
 i - a wand of lightning (10)
 L - a wand of slowing (6)
 O - a wand of digging (11)
 Q - a wand of disintegration (12)
 U - a wand of invisibility (3)
Comestibles
 q - 2 meat rations
 A - 2 apricots
 B - an apple
 C - 3 bread rations
 H - 15 strawberries
 N - a lemon
 T - a pear
 V - a beef jerky
 Y - a rambutan
Scrolls
 f - 2 scrolls of random uselessness
 g - 2 scrolls of teleportation
 h - 3 scrolls of remove curse
 p - 2 scrolls of identify
 t - 5 scrolls of fog
 y - 2 scrolls of recharging
 z - a scroll of blinking
 E - a scroll of noise
Jewellery
 o - a cursed ring of poison resistance (left hand)
 u - a +3 ring of protection
 w - an amulet of conservation (around neck)
 x - a cursed ring of teleportation
 D - a cursed -3 ring of intelligence
 K - a cursed ring of sustain abilities (right hand)
 R - an uncursed ring of wizardry
Potions
 d - 4 potions of curing
 e - a potion of might
 l - a potion of poison
 m - a potion of porridge
 n - a potion of brilliance
 G - a potion of restore abilities
 M - a potion of agility
Books
 F - a book of the Dragon

   Spells                             Type                      Level
   Flight                             Charms/Air                   3
   Cause Fear                         Hexes                        4
   Bolt of Fire                       Conjuration/Fire             6
   Dragon Form                        Transmutation                7
   Dragon's Call                      Summoning                    9
 J - a book of Spatial Translocations

   Spells                             Type                      Level
   Apportation                        Translocation                1
   Blink                              Translocation                2
   Shroud of Golubria                 Charms/Translocation         2
   Portal Projectile                  Translocation                3
   Teleport Other                     Translocation                3
   Passage of Golubria                Translocation                4


   Skills:
 + Level 11.6 Fighting
 + Level 10.9 Maces & Flails
 + Level 11.3 Armour
 + Level 11.3 Shields


You had 11 spell levels left.
You didn't know any spells.

Dungeon Overview and Level Annotations

Branches:
Dungeon (9/15)               Lair (3/8) D:9           Swamp (5/5) Lair:3
 Temple: D:4-7          Orc: D:9-12      Shoals: Lair:3-6     Snake: Lair:3-6
 Spider: Lair:3-6

Altars:
Ashenzari
Dithmenos
Fedhas
Kikubaaqudgha
Makhleb
Nemelex Xobeh
Sif Muna
Vehumet
The Shining One

Annotations:
D:4 Blork the orc, Dowan, Duvessa
D:6 Eustachio
Swamp:2 Rupert


Innate Abilities, Weirdness & Mutations

You are resistant to torment.
You are immune to poison.
You are immune to rotting.
Your stone body is very resilient (AC +8).
You resist negative energy.
You are resistant to electric shocks.
You can survive without breathing.
You are immune to petrification.
You are resistant to hostile enchantments.


Message History

The giant leech is severely wounded.
You barely miss the giant leech.
The giant leech is severely wounded.
The crocodile bites you!
* * * LOW HITPOINT WARNING * * *
Unknown command.
You hit the giant leech.
The giant leech is almost dead.
The giant leech bites you.
* * * LOW HITPOINT WARNING * * *
You block the crocodile's attack.
Drink which item? (? for menu, Esc to quit)
You feel better. You block the crocodile's attack.
Drink which item? (? for menu, Esc to quit)
You feel better. The crocodile bites you!
* * * LOW HITPOINT WARNING * * *
You hit the crocodile.
There is a sudden explosion of sparks!
The crocodile is severely wounded.
The giant leech bites you!
You die...

*,≈≈≈*≈♣.§§§♣≈≈≈≈.♣
≈,≈≈≈≈≈≈.≈.≈≈.≈≈≈.♣
≈,≈≈≈≈≈≈≈§....≈≈§≈♣♣
≈≈≈≈,≈..≈♣.......≈.♣
≈≈≈≈,.≈≈≈.......≈.♣*
*,,≈,.≈.≈...≈.%≈≈≈♣
,,,≈≈,.≈≈≈.♣≈≈(..≈♣
≈,,,,,...≈.≈≈≈.wt.♣
≈*,,≈≈....≈≈..≈≈@≈♣
≈≈,,≈,≈.♣≈.......≈♣
*≈≈,*≈≈,≈≈≈.≈≈≈≈≈.♣
≈≈≈≈≈≈,≈≈≈≈≈...≈≈.♣
≈,,≈≈≈≈≈≈♣≈§.≈.≈≈≈♣
*≈≈≈≈,,*≈≈♣≈§≈≈≈≈≈♣*
,≈≈≈,*≈≈≈≈*≈.≈≈.≈≈.*
,≈*≈≈≈≈≈≈≈,,.≈....♣*
,≈,,,≈,≈≈≈≈≈≈≈≈≈≈.*


You could see a giant leech and a crocodile.

Vanquished Creatures
  Frances (Swamp:1)
  2 hydras
  2 alligators
  3 swamp dragons
  Pikel (D:5)
  Joseph (D:7)
  A black mamba (Lair:3)
  The ghost of tizzy the Spear-Bearer, an experienced DsGl of Kikubaaqudgha (D:5)
  2 giant fireflies
  4 spiny frogs
  A troll (D:9)
  A komodo dragon (Lair:3)
  A slime creature (Swamp:1)
  Prince Ribbit (D:5)
  Edmund (D:5)
  A bog body (Swamp:4)
  A basilisk (Lair:3)
  A spriggan (Swamp:3)
  2 hippogriffs (D:8)
  4 vampire mosquitoes (Swamp:4)
  5 swamp worms
  2 wolves (D:9)
  A necrophage (D:8)
  4 water moccasins
  A sky beast (D:7)
  A black bear (D:8)
  2 porcupines (Lair:2)
  A phantom (D:7)
  2 ice beasts (D:7)
  3 slaves
  A yellow wasp (D:8)
  8 swamp drakes
  3 crocodiles (Lair:3)
  4 ogres
  Sigmund (D:4)
  A big kobold (D:8)
  2 gnoll sergeants (D:8)
  A centaur (D:8)
  5 giant frogs
  A scorpion (D:7)
  10 killer bees
  An electric eel (D:9)
  2 big fish
  A crimson imp (D:6)
  A quasit (D:8)
  10 hounds
  5 orc priests
  5 iguanas
  9 orc wizards
  2 worker ants (D:4)
  An ogre zombie (D:7)
  A mummy (D:5)
  A worker ant zombie (D:6)
  8 adders
  10 gnolls
  2 giant mites
  An ufetubus (D:6)
  6 worms
  An adder skeleton (D:8)
  2 orc skeletons
  A giant eyeball (D:3)
  9 giant geckos
  38 orcs
  10 bats
  2 bat skeletons
  11 goblins
  8 hobgoblins
  12 jackals
  16 kobolds
  6 quokkas
  A ball python (D:7)
  2 giant cockroaches (D:3)
  5 giant newts
  2 orc zombies
  18 rats
301 creatures vanquished.

Vanquished Creatures (others)
  A slave (D:5)
1 creature vanquished.

Grand Total: 302 creatures vanquished

Notes
Turn   | Place    | Note
--------------------------------------------------------------
     0 | D:1      | staplegun, the Gargoyle Fighter, began the quest for the Orb.
     0 | D:1      | Reached XP level 1. HP: 14/14 MP: 1/1
   209 | D:1      | Reached XP level 2. HP: 19/19 MP: 2/2
   545 | D:1      | Reached XP level 3. HP: 24/24 MP: 3/3
   918 | D:2      | Found a sparkling altar of Nemelex Xobeh.
  1110 | D:2      | Reached skill level 4 in Fighting
  1120 | D:2      | Reached XP level 4. HP: 18/29 MP: 4/4
  1730 | D:3      | Reached XP level 5. HP: 24/34 MP: 5/5
  1931 | D:3      | Paralysed by a giant eyeball for 3 turns
  2453 | D:4      | Reached XP level 6. HP: 39/39 MP: 6/6
  2582 | D:4      | Noticed an ogre
  2591 | D:4      | Killed an ogre
  2591 | D:4      | Reached skill level 5 in Fighting
  2591 | D:4      | Reached skill level 5 in Shields
  2806 | D:4      | Noticed Sigmund
  2829 | D:4      | Killed Sigmund
  2829 | D:4      | Reached skill level 5 in Armour
  2829 | D:4      | Reached XP level 7. HP: 44/44 MP: 7/7
  3014 | D:4      | Found a sparkling altar of Nemelex Xobeh.
  3016 | D:4      | Found a shattered altar of Ashenzari.
  3030 | D:4      | Found a glowing golden altar of the Shining One.
  3030 | D:4      | Found a shadowy altar of Dithmenos.
  3031 | D:4      | Found a blossoming altar of Fedhas.
  3031 | D:4      | Found a radiant altar of Vehumet.
  3032 | D:4      | Found an ancient bone altar of Kikubaaqudgha.
  3110 | D:4      | Noticed Blork the orc
  3111 | D:4      | Noticed an ogre
  3119 | D:4      | Noticed Duvessa
  3126 | D:4      | Noticed Dowan
  3133 | D:4      | Killed an ogre
  3135 | D:4      | Paralysed by a potion of paralysis for 2 turns
  3135 | D:4      | HP: 2/44 [Blork the orc/puff of flame (4)]
  3393 | D:5      | Entered Level 5 of the Dungeon
  3588 | D:5      | Noticed Pikel
  3605 | D:5      | Killed Pikel
  3605 | D:5      | Reached skill level 6 in Fighting
  3605 | D:5      | Reached skill level 5 in Maces & Flails
  3605 | D:5      | Reached XP level 8. HP: 45/51 MP: 8/8
  3629 | D:5      | Noticed tizzy's ghost (experienced DsGl)
  3650 | D:5      | Killed tizzy's ghost
  3789 | D:5      | Noticed Prince Ribbit
  3809 | D:5      | Killed Prince Ribbit
  3881 | D:5      | Noticed Edmund
  3889 | D:5      | Killed Edmund
  3943 | D:6      | Reached skill level 7 in Fighting
  4080 | D:6      | Reached XP level 9. HP: 54/57 MP: 9/9
  4321 | D:6      | Noticed Eustachio
  4323 | D:6      | Paralysed by a giant eyeball for 2 turns
  4442 | D:7      | Noticed Joseph
  4461 | D:7      | Killed Joseph
  4679 | D:7      | Found a deep blue altar of Sif Muna.
  5023 | D:8      | Reached skill level 8 in Fighting
  5234 | D:8      | Reached XP level 10. HP: 56/65 MP: 10/10
  5652 | D:8      | Found a burning altar of Makhleb.
  5662 | D:8      | Reached skill level 9 in Fighting
  6269 | D:9      | Found a staircase to the Lair.
  6278 | Lair:1   | Entered Level 1 of the Lair of Beasts
  7052 | Lair:2   | Gained mutation: You are resistant to hostile enchantments. [potion of beneficial mutation]
  7323 | Lair:3   | Noticed a black mamba
  7333 | Lair:3   | Killed a black mamba
  7333 | Lair:3   | Reached XP level 11. HP: 70/72 MP: 11/11
  7493 | Lair:3   | Found a staircase to the Swamp.
  7498 | Lair:3   | Reached skill level 10 in Fighting
  7513 | Lair:3   | Noticed a swamp dragon
  7525 | Lair:3   | Killed a swamp dragon
  7635 | Swamp:1  | Entered Level 1 of the Swamp
  7635 | Swamp:1  | Noticed Frances
  7646 | Swamp:1  | Noticed an ice devil
  7648 | Swamp:1  | Noticed a sun demon
  7648 | Swamp:1  | Noticed a sun demon
  7648 | Swamp:1  | Killed Frances
  7648 | Swamp:1  | Reached skill level 10 in Armour
  7648 | Swamp:1  | Reached skill level 10 in Shields
  7670 | Swamp:1  | Noticed an alligator
  7680 | Swamp:1  | Killed an alligator
  7696 | Swamp:1  | Noticed a six-headed hydra
  7706 | Swamp:1  | Killed a six-headed hydra
  7725 | Swamp:1  | Reached skill level 10 in Maces & Flails
  7831 | Swamp:2  | Noticed Rupert
  7869 | Swamp:3  | Noticed an alligator
  7870 | Swamp:3  | Noticed a four-headed hydra
  7881 | Swamp:2  | Killed an alligator
  7881 | Swamp:2  | Reached skill level 11 in Fighting
  7892 | Swamp:2  | Reached XP level 12. HP: 34/80 MP: 12/12
  8105 | Swamp:3  | Noticed a spriggan rider
  8113 | Swamp:3  | Killed a four-headed hydra
  8134 | Swamp:3  | Killed a spriggan
  8134 | Swamp:3  | Killed a giant firefly
  8323 | Swamp:5  | Entered Level 5 of the Swamp
  8766 | Swamp:4  | Noticed a four-headed hydra
  8768 | Swamp:4  | Noticed an alligator
  8777 | Swamp:4  | Noticed an alligator
  8777 | Swamp:4  | Noticed a five-headed hydra
  9174 | Swamp:4  | Slain by a giant leech

Action                   |  1- 3 |  4- 6 |  7- 9 | 10-12 || total
-------------------------+-------+-------+-------+-------++-------
Melee: Flail             |   144 |   313 |    98 |       ||   555
       Whip              |       |       |   364 |   696 ||  1060
Evoke: Wand              |       |       |     1 |     5 ||     6
  Use: Potion            |       |     3 |     6 |     8 ||    17
       Scroll            |       |       |    13 |    19 ||    32
 Stab: Invisible         |       |       |       |     1 ||     1
